 Dungeon Crawl Stone Soup version 0.30-a0-586-g23e55c9e0a (webtiles) character file.

Game seed: 5439073089263767962

68 Shayle the Conjurer (level 4, 34/34 HPs)
             Began as a Demonspawn Reaver on Jan 3, 2023.
             Quit the game on level 2 of the Dungeon.
             The game lasted 00:02:56 (912 turns).

Shayle the Conjurer (Demonspawn Reaver)              Turns: 912, Time: 00:02:57

Health: 34/34      AC:  4    Str: 12    XL:     4   Next: 1%
Magic:  7/7        EV: 11    Int: 17    God:
Gold:   60         SH:  4    Dex: 11    Spells: 6/7 levels left

rFire   . . .      SeeInvis .    a - +0 spear
rCold   . . .      Faith    .    (no shield)
rNeg    . . .      Spirit   .    b - +0 leather armour
rPois   .          Reflect  .    (helmet restricted)
rElec   .          Harm     .    (no cloak)
rCorr   .          Rampage  .    i - +0 pair of gloves
Will    .....                    (no boots)
Stlth   +                        (no amulet)
HPRegen 0.25/turn                (no ring)
MPRegen 0.10/turn                (no ring)

@: no status effects
A: antennae 1, condensation shield
a: no special abilities


You were on level 2 of the Dungeon.
You visited 1 branch of the dungeon, and saw 2 of its levels.

You collected 91 gold pieces.
You spent 31 gold pieces at shops.

Inventory:

Hand Weapons
 a - a +0 spear (weapon)
Armour
 b - a +0 leather armour (worn)
 i - a +0 pair of gloves (worn)
Wands
 g - a wand of light (5)
Scrolls
 d - a scroll of poison
Potions
 c - a potion of curing {unknown}
 e - a potion of attraction
 f - a potion of degeneration {unknown}
 h - a potion of flight {unknown}
 j - a potion of heal wounds {unknown}


   Skills:
 + Level 2.7 Fighting
 - Level 2.6 Polearms
 + Level 2.4 Dodging
 - Level 2.0 Spellcasting
 - Level 3.0 Conjurations
 + Level 1.7 Necromancy
 + Level 1.4 Earth Magic


You had 6 spell levels left.
You knew the following spells:

 Your Spells              Type           Power      Damage    Failure   Level
a - Kiss of Death         Conj/Necr      36%        2d8       10%         1

Your spell library contained the following spells:

 Spells                   Type           Power      Damage    Failure   Level
 Momentum Strike          Conj/Tloc      12%        3d8       21%         2
 Hailstorm                Conj/Ice       6%         3d4       36%         3


Dungeon Overview and Level Annotations

Branches:
Dungeon (2/15)

Altars:

Shops:
D:1 *


Innate Abilities, Weirdness & Mutations

You have a pair of small antennae on your head.
A meltable shield of frost defends you. (SH +4)


Message History

The kobold shouts!
You hit Jessica.
Jessica is severely wounded.
Jessica hits you but does no damage.
You barely miss Jessica.
Jessica is severely wounded.
Jessica barely misses you.
You closely miss Jessica.
Jessica is severely wounded.
Jessica casts a spell at you.
You feel yourself slow down.
You closely miss Jessica.
Jessica is severely wounded.
Jessica mumbles some strange words.
Jessica blinks!
Jessica gestures wildly while chanting.
Jessica blinks!
The kobold closely misses you.
You hit the kobold.
You kill the kobold!
Things that are here:
a +0 whip; a kobold corpse
Things that are here:
a +0 whip; a kobold corpse Jessica barely misses you.
You hit Jessica. You punch Jessica, but do no damage.
Jessica is severely wounded.
Jessica casts a spell.
Jessica blinks!
Jessica mumbles some strange words.
Jessica seems to speed up.
You hit Jessica.
You kill Jessica!
You have reached level 4!
You feel clever.
Your demonic ancestry asserts itself...
A pair of antennae grows on your head!
You feel yourself speed up.
Things that are here:
a +0 club; a +0 robe Are you sure you want to abandon this character and quit the game? (Confirm with "yes".)

#.# #.#.# #.###.#.†
#........ #####....
####### ##..##
##.....## ##...#. ###
#.......# #......
.....#####..###..####
##...#†
#....)...@....(..#
##....
#######..###..##.#
#.<.. #..###..##.###
####. #..........>.# #.
#######.##.#.# ##
##########.##.#.## #
#..............#.# #
#.......##.#.##.# #####
#.......##......###....


There were no monsters in sight!

Vanquished Creatures
  Jessica (D:2)
  An adder (D:2)
  2 dart slugs
  3 bats
  2 endoplasms
  A giant cockroach (D:2)
  A goblin (D:2)
  2 hobgoblins (D:1)
  4 quokkas
  6 ball pythons
  5 kobolds
  3 rats
31 creatures vanquished.

Notes
Turn   | Place    | Note
-------+----------+-------------------------------------------
     0 | D:1      | Shayle the Demonspawn Reaver began the quest for the Orb.
     0 | D:1      | Reached XP level 1. HP: 16/16 MP: 3/3
   310 | D:1      | Gained mutation: A meltable shield of frost defends you.
                  | (SH +4) [demonic ancestry]
   310 | D:1      | Reached XP level 2. HP: 11/21 MP: 5/5
   356 | D:1      | Found Zyppuec's Assorted Antiques.
   360 | D:1      | Bought a scroll labelled ASKOKOUPRIRPH for 31 gold pieces
   434 | D:1      | Reached skill level 1 in Necromancy
   688 | D:2      | Reached skill level 1 in Earth Magic
   796 | D:2      | Reached XP level 3. HP: 28/28 MP: 6/6
   893 | D:2      | Noticed Jessica
   910 | D:2      | Killed Jessica
   911 | D:2      | Gained mutation: You have a pair of small antennae on your
                  | head. [demonic ancestry]
   911 | D:2      | Reached XP level 4. HP: 34/34 MP: 7/7
   912 | D:2      | Quit the game

Illustrated notes

Levels and vault maps discovered:
D:1:      mrwooster_arrival_statue_3, layout_basic, serial_shops,
          nicolae_shop_trees
D:2:      layout_loops_cross, uniq_jessica

Skill      XL: |  1  2 |
---------------+-------+-----
Dodging        | 2 |  2.4
Necromancy     | 1 |  1.7
Earth Magic    | 1 |  1.4
Fighting       | |  2.7
Polearms       | |  2.6
Spellcasting   | |  2.0
Conjurations   | |  3.0

Action                   |  1- 3 |  4- 6 || total
-------------------------+-------+-------++-------
Melee: Spear             |   124 |       ||   124
       Punch             |     3 |       ||     3
 Cast: Kiss of Death     |     1 |       ||     1
Evoke: Wand              |     1 |       ||     1
  Use: Scroll            |     4 |       ||     4
Armor: Leather armour    |    43 |       ||    43
Dodge: Dodged            |    79 |       ||    79
Block: Other             |    16 |       ||    16

Table legend: (Time is in decaauts)
 A = Elapsed time spent in this place.
 B = Non-inter-level travel time spent in this place.
 C = Inter-level travel time spent in this place.
 D = Time resting spent in this place.
 E = Time spent auto-exploring this place.
 F = Levels seen in this place.
 G = Mean time per level.
                   A        B        C        D        E       F      G
               +--------+--------+--------+--------+--------+-----+--------+
         Total |    914 |    904 |     10 |     42 |    540 |   2 |  457.0 |
       Dungeon |    914 |    904 |     10 |     42 |    540 |   2 |  457.0 |
               +--------+--------+--------+--------+--------+-----+--------+

Top non-repeatable levels by time:
     D:1: 599 daAuts
     D:2: 315 daAuts
